AoeStats
← mayisupreme

Arena

508425690Analyzed
1v1 RM · 9d ago on Sep 22, 2026· 34m 10s· 2 players
Game mode
Random Map
Map size
Tiny (2 player)
Population
200
Speed
Normal
Resources
Standard
Victory
Conquest
Starting age
Dark Age
Ending age
Imperial Age
RankedLock teamsTeams togetherTeam positionsShared explorationLock speedFull tech treeHidden civsTurbo modeCheats
Victory
Defeat
🇹🇼 Sicilians · Taiwan
829
+18
🇨🇳 Britons · China
868
-18
我选好了你随意
9:56 Feudal Age
10:34 Double-Bit Axe
10:49 Horse Collar
18:10 Castle Age
17:19 Stone Mining
19:23 Heavy Plow
19:54 Bow Saw
23:44 Fortified Wall
23:53 Gold Mining
24:40 Fletching
25:32 Gold Shaft Mining
26:50 Murder Holes
36:10 Imperial Age
mayisupreme
1:48 Loom
10:50 Feudal Age
12:16 Double-Bit Axe
18:24 Castle Age
17:08 Fletching
17:49 Scale Mail Armor
20:38 Gambesons
20:54 Squires
21:20 Chain Mail Armor
23:02 Horse Collar
25:13 Bodkin Arrow
27:27 Forging
33:02 Murder Holes
33:18 Gold Mining
Connection lost

Rejoining the realm…

Still unreachable

The connection could not be restored.

Session expired

The server has moved on; the page needs a fresh start.